[ PARTIDA AOE2 · #484541422 ]
UnrankedBritanos vs Armenians
Equipo del jugador · DERR
Equipo rival · VICT
[ ANÁLISIS DE REPETICIÓN · EXTRAÍDO DE LA PARTIDA GRABADA ]
Feudal
14:26
Castillos
—
Imperial
—
| APM promedio | 10.9 |
| APM pico | 38 |
| eAPM promedio | 7.3 |
| Aldeanos / militares | 25 / 5 |
Foco
⚔️ 21.6% · 🌾 78.4%
Scout Cavalry ×5
Feudal
10:27
Castillos
—
Imperial
—
| APM promedio | 46.2 |
| APM pico | 77 |
| eAPM promedio | 15.7 |
| Aldeanos / militares | 34 / 14 |
Foco
⚔️ 18.3% · 🌾 81.7%
Militia ×14
Mapa de la partida
Recursos iniciales + cada clic de construcción. Líneas = muros · curvas = relieve. ◆ oro · ⬟ piedra · ● bayas · ✦ reliquia · ◌ hueco del cierre
Tu base· Abierta — flanco sin cerrar
Base de Mlock· Abierta — flanco sin cerrar
Terreno inicial suavizado · ◌ = hueco del cierre detectado · pasá el cursor para detalles
Inputs por minuto
— jesselise - - Mlock
Build order — jesselise
51 acciones detectadas en el replay
| 0:05 | Construir | House |
| 0:07 | Construir | House |
| 0:26 | Crear | Villager (Male) |
| 0:26 | Crear | Villager (Male) |
| 0:27 | Crear | Villager (Male) |
| 0:27 | Crear | Villager (Male) |
| 2:35 | Crear | Villager (Male) |
| 2:58 | Construir | Lumber Camp |
| 3:06 | Construir | House |
| 4:15 | Construir | Mill |
| 4:19 | Crear | Villager (Male) |
| 4:19 | Crear | Villager (Male) |
| 4:20 | Crear | Villager (Male) |
| 5:27 | Investigar | Loom |
| 6:15 | Crear | Villager (Male) |
| 6:16 | Crear | Villager (Male) |
| 6:16 | Crear | Villager (Male) |
| 6:16 | Crear | Villager (Male) |
| 6:52 | Construir | Farm |
| 7:17 | Construir | Farm |
| 7:52 | Crear | Villager (Male) |
| 7:52 | Crear | Villager (Male) |
| 7:52 | Crear | Villager (Male) |
| 8:15 | Crear | Villager (Male) |
| 9:00 | Crear | Villager (Male) |
| 9:00 | Crear | Villager (Male) |
| 9:00 | Crear | Villager (Male) |
| 9:26 | Construir | House |
| 9:28 | Construir | House |
| 10:08 | Crear | Villager (Male) |
| 10:36 | Construir | Farm |
| 10:45 | Construir | Farm |
| 11:03 | Construir | Farm |
| 11:25 | Construir | Farm |
| 12:16 | Investigar | Feudal Age |
| 14:26 | Edad | Edad Feudal |
| 14:35 | Construir | Mill |
| 15:44 | Construir | Barracks |
| 16:30 | Investigar | Man-at-Arms (upgrade) |
| 16:46 | Construir | Stable |
| 17:09 | Crear | Scout Cavalry |
| 17:10 | Crear | Scout Cavalry |
| 17:10 | Crear | Scout Cavalry |
| 17:10 | Crear | Scout Cavalry |
| 17:11 | Crear | Scout Cavalry |
| 18:27 | Construir | Farm |
| 18:48 | Crear | Villager (Male) |
| 18:48 | Crear | Villager (Male) |
| 18:49 | Crear | Villager (Male) |
| 19:39 | Crear | Villager (Male) |
| 19:39 | Crear | Villager (Male) |
Build order — Mlock
86 acciones detectadas en el replay
| 0:00 | Crear | Villager (Male) |
| 0:01 | Crear | Villager (Male) |
| 0:01 | Crear | Villager (Male) |
| 0:01 | Crear | Villager (Male) |
| 0:03 | Construir | House |
| 0:06 | Construir | House |
| 1:24 | Crear | Villager (Male) |
| 1:52 | Construir | Mule Cart |
| 2:08 | Crear | Villager (Male) |
| 2:26 | Crear | Villager (Male) |
| 2:51 | Crear | Villager (Male) |
| 3:40 | Crear | Villager (Male) |
| 3:46 | Construir | House |
| 3:49 | Construir | House |
| 3:56 | Crear | Villager (Male) |
| 4:25 | Construir | Mill |
| 4:29 | Crear | Villager (Male) |
| 4:29 | Crear | Villager (Male) |
| 4:30 | Crear | Villager (Male) |
| 5:22 | Crear | Villager (Male) |
| 5:42 | Crear | Villager (Male) |
| 5:43 | Crear | Villager (Male) |
| 6:09 | Crear | Villager (Male) |
| 6:10 | Crear | Villager (Male) |
| 6:44 | Crear | Villager (Male) |
| 6:47 | Crear | Villager (Male) |
| 6:51 | Investigar | Loom |
| 6:58 | Construir | Mule Cart |
| 8:13 | Investigar | Feudal Age |
| 9:00 | Construir | Barracks |
| 9:14 | Construir | Farm |
| 9:32 | Construir | House |
| 9:49 | Construir | Farm |
| 9:55 | Crear | Militia ×4 |
| 10:05 | Crear | Villager (Male) |
| 10:16 | Construir | Barracks |
| 10:27 | Edad | Edad Feudal |
| 10:31 | Construir | Barracks |
| 10:38 | Construir | Blacksmith |
| 11:07 | Investigar | Man-at-Arms (upgrade) |
| 11:17 | Construir | Farm |
| 11:21 | Construir | Farm |
| 11:48 | Construir | Farm |
| 11:49 | Crear | Villager (Male) |
| 11:57 | Construir | Farm |
| 12:48 | Crear | Militia ×3 |
| 13:10 | Investigar | Arson |
| 13:29 | Crear | Villager (Male) |
| 13:29 | Crear | Villager (Male) |
| 13:34 | Construir | House |
| 13:36 | Construir | House |
| 14:07 | Crear | Villager (Male) |
| 14:07 | Crear | Villager (Male) |
| 14:27 | Construir | Farm |
| 14:29 | Construir | Farm |
| 14:29 | Construir | Farm |
| 14:29 | Construir | Farm |
| 14:30 | Construir | Farm |
| 14:30 | Construir | Farm |
| 14:42 | Crear | Militia |
| 14:50 | Crear | Militia |
| 14:57 | Construir | Farm |
| 15:30 | Crear | Villager (Male) |
| 15:34 | Construir | Farm |
| 15:35 | Crear | Villager (Male) |
| 15:35 | Crear | Villager (Male) |
| 16:19 | Crear | Militia ×3 |
| 16:30 | Crear | Villager (Male) |
| 16:31 | Crear | Villager (Male) |
| 16:51 | Crear | Militia ×2 |
| 17:11 | Construir | Farm |
| 17:11 | Construir | Farm |
| 17:11 | Construir | Farm |
| 17:11 | Construir | Farm |
| 17:12 | Construir | Farm |
| 17:17 | Construir | House |
| 17:18 | Construir | House |
| 17:19 | Construir | House |
| 17:19 | Construir | House |
| 17:55 | Crear | Villager (Male) |
| 17:55 | Crear | Villager (Male) |
| 17:56 | Crear | Villager (Male) |
| 18:02 | Construir | Market |
| 19:01 | Construir | Farm |
| 19:43 | Investigar | Castle Age |
| 20:24 | Construir | Mule Cart |
Cronología de la partida
| 9:00 | Mlock · first_building Barracks |
| 10:27 | Mlock · age_up feudal |
| 14:26 | jesselise · age_up feudal |
| 15:44 | jesselise · first_building Barracks |
| 16:46 | jesselise · first_building Stable |
| 19:25 | Mlock · first_market_sell 100 wood |
| 19:30 | Mlock · first_market_buy 100 food |
| 20:32 | jesselise · resign |
[ ANÁLISIS IA · 1 CRÉDITO ]
¿Qué pasó realmente en esta partida?
Wolo.gg analiza cada decisión: build order, eco, micro, errores típicos por bracket. Análisis personalizado por WhatsApp o Discord en 30 segundos.
Guía civ
Britanos
Perfil
Jugador #25552189